 Dungeon Crawl Stone Soup version 0.21-a0-401-g0b6bec4 (webtiles) character file.

560 tilp the Firebug (level 7, -6/50 HPs)
             Began as a Hill Orc Fire Elementalist on Oct 23, 2017.
             Was an Initiate of Vehumet.
             Mangled by tilp's ghost (17 damage)
             ... on level 4 of the Dungeon.
             The game lasted 00:14:37 (6472 turns).

tilp the Firebug (Hill Orc Fire Elementalist)       Turns: 6472, Time: 00:14:37

Health: -6/50      AC:  4    Str: 11    XL:     7   Next: 31%
Magic:  12/12      EV: 12    Int: 17    God:    Vehumet [......]
Gold:   200        SH:  0    Dex: 11    Spells: 3/13 levels left

rFire    . . .     SeeInvis .   a - +1 dagger (speed)
rCold    . . .     Gourm    .   (no shield)
rNeg     . . .     Faith    .   v - +1 animal skin
rPois    .         Spirit   .   z - +0 helmet
rElec    .         Reflect  .   (no cloak)
rCorr    .         Harm     .   (no gloves)
MR       .....                  (no boots)
Stlth    ++........             (no amulet)
HPRegen  0.16/turn              (no ring)
MPRegen  0.13/turn              (no ring)

@: no status effects
A: no striking features
a: Renounce Religion


You were on level 4 of the Dungeon.
You worshipped Vehumet.
Vehumet was noncommittal.
You were very hungry.

You visited 1 branch of the dungeon, and saw 4 of its levels.

You collected 200 gold pieces.

Inventory:

Hand Weapons
 a - a +1 dagger of speed (weapon)
 b - a +0 hunting sling
 y - a +0 great mace
Missiles
 d - 7 tomahawks
 j - 62 stones (quivered)
Armour
 v - a +1 animal skin (worn)
 z - a +0 helmet (worn)
Magical Staves
 n - an uncursed staff of poison {unknown}
Jewellery
 f - a cursed amulet of inaccuracy {unknown}
 k - an uncursed ring of magical power {unknown}
 x - a cursed ring of loudness {unknown}
Scrolls
 e - 6 scrolls of identify
 g - a scroll of magic mapping {unknown}
 l - 2 scrolls of random uselessness
 o - a scroll of remove curse
 p - a scroll of enchant weapon {unknown}
 s - a scroll of fog {unknown}
 t - a scroll of blinking {unknown}
 A - a scroll of amnesia {unknown}
Potions
 i - a potion of might {unknown}
 m - 3 potions of heal wounds
 q - a potion of brilliance {unknown}
 u - a potion of berserk rage {unknown}
 w - 2 potions of cancellation
 C - a potion of ambrosia {unknown}
Books
 h - a book of Flames

   Spells                             Type                      Level
   a - Flame Tongue                   Conjuration/Fire             1
   b - Throw Flame                    Conjuration/Fire             2
   c - Conjure Flame                  Conjuration/Fire             3
   d - Inner Flame                    Hexes/Fire                   3
   e - Sticky Flame                   Conjuration/Fire             4
   f - Fireball                       Conjuration/Fire             5
Comestibles
 c - 3 bread rations
 r - 2 royal jellies
 B - 4 fruits
 D - a meat ration


   Skills:
 - Level 1.5 Dodging
 - Level 1.5 Stealth
 + Level 3.6 Spellcasting
 + Level 4.3 Conjurations
 + Level 5.8 Fire Magic


You had 3 spell levels left.
You knew the following spells:

 Your Spells              Type           Power        Failure   Level  Hunger
a - Flame Tongue          Conj/Fire      ###..        1%          1    None
b - Throw Flame           Conj/Fire      ###...       3%          2    ##.....
c - Conjure Flame         Conj/Fire      ###.....     6%          3    ###....
d - Sticky Flame          Conj/Fire      ###.....     21%         4    ####...


Dungeon Overview and Level Annotations

Branches:
Dungeon (4/15)
 Temple: D:4-7

Altars:
Makhleb
Nemelex Xobeh
Qazlal
Ru
Vehumet
Wu Jian

Annotations:
D:2 1 runed door, Natasha (killed twice)
D:4 tilp's ghost, novice CeFi


Message History

As you read the scroll labeled TASOAKLOEMU, it crumbles to dust.
The dust glows faint indigo!
It was a scroll of random uselessness.
Tilp's ghost hits you!
Tilp's ghost whispers, "Meet the emptiness of death!"
Tilp's ghost hits you!
Okay, then.
Okay, then.
Press: ? - help, v - describe, . - travel
Here: tilp's ghost The floor.
As you read the scroll labeled NUSHRO XADAHI, it crumbles to dust.
You feel blessed for a moment.
It was a scroll of remove curse.
Tilp's ghost hits you!
* * * LOW HITPOINT WARNING * * *
Tilp's ghost misses you.
As you read the scroll labeled VARAUL ICWOCEI, it crumbles to dust.
It is a scroll of identify.
w - 2 potions of cancellation Tilp's ghost hits you!
You die...

.......# #.......##......#####
.#####.# ####.#####.####.#....
.##....# ##.## #.####....##
.##.##.# #...# #.#.....#.##
.##.##.# #...# #.#.##.....#
.......# #...# #......#.#.#
.##.##)## #####...######.##.#.#.#
.##.#.#.###.(.........#...#.#...#
.##..###........@W...............
.##.#.#.###...........#...#.##..#
.......## #####...#######.#.....#
.......# #.......# #.##.##.#
###.#### #...###.# #.##.##.# #.#
#...###.# #.......# #)# #....##.#
####..... #.# #####.##.##.#
##..... ###.#
#.....##.##)#####...###


You could see tilp's ghost.

Vanquished Creatures
  An ogre (D:4)
  2 scorpions
  2 orc priests (D:4)
  Terence (D:1)
  2 orc wizards (D:4)
  Natasha (twice) (D:2)
  Robin (D:3)
  3 adders
  4 gnolls (D:4)
  An ooze (D:3)
  2 worms
  4 dart slugs
  3 leopard geckos
  9 orcs
  8 bats
  3 giant cockroaches
  15 hobgoblins
  2 jackals (D:1)
  A quokka (D:2)
  3 frilled lizards
  17 goblins
  10 kobolds
  3 rats
99 creatures vanquished.

Notes
Turn   | Place    | Note
-------+----------+-------------------------------------------
     0 | D:1      | tilp the Hill Orc Fire Elementalist began the quest for the Orb.
     0 | D:1      | Reached XP level 1. HP: 14/14 MP: 3/3
   144 | D:1      | Reached XP level 2. HP: 20/20 MP: 0/4
   583 | D:1      | Learned a level 2 spell: Throw Flame
   634 | D:1      | Reached XP level 3. HP: 20/26 MP: 1/6
   686 | D:1      | Learned a level 3 spell: Conjure Flame
  1911 | D:2      | Found an ornate altar of the Wu Jian Council.
  1911 | D:2      | Found a stormy altar of Qazlal.
  2305 | D:2      | Noticed Natasha
  2305 | D:2      | Reached skill level 4 in Fire Magic
  2318 | D:2      | Killed Natasha
  2318 | D:2      | Reached XP level 4. HP: 19/33 MP: 0/7
  2394 | D:2      | Found a sparkling altar of Nemelex Xobeh.
  2699 | D:2      | Found a runed door.
  2768 | D:2      | Noticed Terence
  2848 | D:1      | Killed Terence
  3267 | D:3      | Reached XP level 5. HP: 25/38 MP: 6/8
  3480 | D:3      | Noticed Robin
  3585 | D:2      | Noticed Natasha
  3594 | D:2      | Killed Natasha
  4539 | D:3      | Killed Robin
  4907 | D:3      | Reached skill level 5 in Fire Magic
  4907 | D:3      | Reached XP level 6. HP: 41/45 MP: 0/10
  5186 | D:4      | Learned a level 4 spell: Sticky Flame
  5395 | D:4      | Found a radiant altar of Vehumet.
  5465 | D:4      | Became a worshipper of Vehumet
  5479 | D:4      | Noticed tilp's ghost (novice CeFi)
  5557 | D:4      | Found a burning altar of Makhleb.
  5771 | D:4      | Found a sacrificial altar of Ru.
  5915 | D:4      | Reached XP level 7. HP: 50/50 MP: 9/12
  6472 | D:4      | Mangled by tilp's ghost

Vault maps used:
D:1:      dpeg_arrival_round_c, serial_bayou_crossing
D:2:      lemuel_coloured_pillars_altar, amethyst_overflow_temple_binary,
          nrook_uturn, uniq_terence, uniq_crazy_yiuf_cottage, uniq_natasha
D:3:      first_bread, uniq_robin
D:4:      lemuel_crystal_altar, bloody_makhleb, kennysheep_mini_moat

Skill      XL: |  1  2  3  4  5  6 |
---------------+-------------------+-----
Spellcasting   | 2 3 |  3.6
Conjurations   | 2 3 4 |  4.3
Fire Magic     | 4 5 |  5.8
Dodging        | |  1.5
Stealth        | |  1.5

Action                   |  1- 3 |  4- 6 |  7- 9 || total
-------------------------+-------+-------+-------++-------
Melee: Dagger            |    65 |    56 |    13 ||   134
 Cast: Flame Tongue      |    56 |   103 |    20 ||   179
       Throw Flame       |     3 |     4 |     1 ||     8
       Conjure Flame     |       |     3 |     1 ||     4
       Sticky Flame      |       |     1 |       ||     1
  Use: Potion            |       |     1 |       ||     1
       Scroll            |       |       |     3 ||     3
 Stab: Sleeping          |     2 |     4 |       ||     6
  Eat: Chunk             |     5 |    13 |     1 ||    19
Armor: Robe              |    11 |     7 |       ||    18
       Animal skin       |       |     7 |     2 ||     9
Dodge: Dodged            |    57 |    61 |     7 ||   125

Table legend:
 A = Spawn XP
 B = Non-spawn XP
 C = Spawn XP percentage of total XP
 D = Spawn monster count
 E = Non-spawn monster count
 F = Spawn count percentage of total count
 G = Total turns spent on level
                    A         B        C        D         E        F      G
               +---------+---------+-------+---------+---------+-------+---------
         Total |       0 |     801 |   0.0 |       0 |      99 |   0.0 |  6472
               +---------+---------+-------+---------+---------+-------+---------
           D:1 |       0 |      83 |   0.0 |       0 |      28 |   0.0 |  1712
           D:2 |       0 |     121 |   0.0 |       0 |      27 |   0.0 |  2115
           D:3 |       0 |     159 |   0.0 |       0 |      24 |   0.0 |  1237
           D:4 |       0 |     438 |   0.0 |       0 |      20 |   0.0 |  1408
               +---------+---------+-------+---------+---------+-------+---------
